 Dungeon Crawl Stone Soup version 0.31-a0-175-g9f7f995f2b (webtiles) character file.

Game seed: 3116205471147672602

19 qw the Shooter (level 2, -2/17 HPs)
             Began as a Gargoyle Hunter on June 16, 2023.
             Frozen to death by an endoplasm (3 damage)
             ... on level 1 of the Dungeon.
             The game lasted 00:00:13 (814 turns).

qw the Shooter (Gargoyle Hunter)                     Turns: 814, Time: 00:00:14

Health: -2/17      AC:  7    Str: 14    XL:     2   Next: 75%
Magic:  2/2        EV: 10    Int:  9    God:
Gold:   69         SH:  0    Dex: 13    Spells: 1/1 levels left

rFire   . . .        Y - +0 shortbow
rCold   . . .        (shield currently unavailable)
rNeg    + . .        d - +0 ring mail
rPois   inf          (no helmet)
rElec   +            (no cloak)
rCorr   .            (no gloves)
SInv    .            (no boots)
Will    .....        (no amulet)
Stlth   +            (no ring)
HPRegen 0.22/turn    (no ring)
MPRegen 0.08/turn

%: no passive effects
@: no status effects
A: sickness immunity, AC +2, negative energy resistance 1, electricity
resistance, torment resistance 1, petrification resistance
a: no special abilities


You were on level 1 of the Dungeon.
You visited 1 branch of the dungeon, and saw 2 of its levels.

You collected 69 gold pieces.


Innate Abilities, Weirdness & Mutations

You are immune to sickness and miasma.
Your stone body is resilient. (AC +2)
You are immune to poison.
You resist negative energy. (rN+)
You are resistant to electric shocks. (rElec)
You are resistant to unholy torment.
You are immune to petrification.


   Skills:
 - Level 2.1 Fighting
 - Level 4.7 Ranged Weapons
 + Level 0.0 Armour
 - Level 1.5 Dodging
 - Level 1.1 Stealth


You had one spell level left.
You didn't know any spells.
Your spell library was empty.

Inventory:

Hand Weapons
 Y - a +0 shortbow (weapon)
Armour
 d - a +0 ring mail (worn)

Dungeon Overview and Level Annotations

Branches:
Dungeon (2/15)

Altars:


Message History

The orc shouts!
Found a leather armour.
Found an escape hatch in the floor.
There is a stone staircase leading up here.
There are monsters nearby!
Waypoint 1 assigned to D:2.
You shoot an arrow. The endoplasm quivers.
The arrow hits the orc but does no damage.
You shoot an arrow. The arrow barely misses the orc.
The arrow hits the endoplasm.
The endoplasm is moderately wounded.
You shoot an arrow. The arrow hits the orc.
The orc is heavily wounded.
You shoot an arrow. The arrow closely misses the orc.
The arrow barely misses the endoplasm.
The orc hits you with a +0 whip.
The endoplasm jiggles.
The endoplasm completely misses you.
You shoot an arrow. The arrow barely misses the orc.
The arrow hits the endoplasm.
The endoplasm is heavily wounded.
The orc hits you with a +0 whip. The endoplasm freezes you.
You are frozen.
The endoplasm closely misses you. The orc barely misses you.
810 ||| STAIRDANCE The orc closely misses you.
The endoplasm freezes you.
You are frozen.
You climb upwards.
There is a stone staircase leading down here.
You shoot an arrow. The arrow closely misses the orc.
The orc hits you with a +0 whip. The endoplasm hits you.
You shoot an arrow. The arrow closely misses the orc.
The orc closely misses you. The endoplasm freezes you.
You are frozen.
You shoot an arrow. The arrow closely misses the orc.
The orc closely misses you. The endoplasm freezes you.
You are frozen.
You die...

# #.###........#.. ######
#.###.#.##.###.. .....#
#.......##...... #.##.#######
####...#######.. #..........#
#...# ### ####.#####.#### #...# #
####>#........#### #...# #
.................# #...####### #
.777777##..##.##@####.........###
7.....77..)##.#J.o...............
..777...7..##....................
777.7777...#..#................#.
.77..###...#.###.####..........#.
7.777............# #...######.#.
7...77######.##### #...# #.#.
7777....# #.# #...# ##...
#..####.# #.# #...#####....


You could see an orc and an endoplasm.

Vanquished Creatures
  A dart slug (D:1)
  3 endoplasms (D:1)
  A giant cockroach (D:1)
  2 hobgoblins (D:1)
  A quokka (D:1)
  2 ball pythons (D:1)
  3 bats (D:1)
  A frilled lizard (D:1)
  A kobold (D:1)
  A rat (D:1)
16 creatures vanquished.

Notes
Turn   | Place    | Note
-------+----------+-------------------------------------------
     0 | D:1      | qw the Gargoyle Hunter began the quest for the Orb.
     0 | D:1      | Reached XP level 1. HP: 12/12 MP: 1/1
     0 | D:1      | 0 ||| qw: Version: 0.2-a-29-g511e9b1
     0 | D:1      | 0 ||| qw: Game counter: 45
     0 | D:1      | 0 ||| qw: Always use a shield: true
     0 | D:1      | 0 ||| qw: God list: Okawaru
     0 | D:1      | 0 ||| qw: Allow faded altars: false
     0 | D:1      | 0 ||| qw: Do Orc after D:15 true
     0 | D:1      | 0 ||| qw: Do second Lair branch before Depths: true
     0 | D:1      | 0 ||| qw: Lair rune preference: random
     0 | D:1      | 0 ||| qw: Plans: Normal, Zot:1-4, Slime:5, God:TSO, Crypt,
                  | Tomb, Abyss, Pan, Hells, Win
     0 | D:1      | 0 ||| PLANNING D:1-11
   121 | D:1      | Reached XP level 2. HP: 17/17 MP: 2/2
   432 | D:1      | Found a faded altar of an unknown god.
   746 | D:1      | 746 ||| UPGRADING to +0 ring mail.
   756 | D:1      | 756 ||| DROPPING +0 leather armour.
   757 | D:1      | 757 ||| READING scroll labelled QOLIED RIME.
   758 | D:1      | 758 ||| READING scroll labelled YKHLUUNOXAU.
   759 | D:1      | 759 ||| DROPPING scroll of butterflies.
   810 | D:2      | 810 ||| STAIRDANCE
   812 | D:1      | HP: 3/17 [endoplasm (3)]
   813 | D:1      | HP: 1/17 [frozen (2)]
   814 | D:1      | Frozen to death by an endoplasm

Levels and vault maps discovered:
D:1:      lemuel_arrival_cross, layout_loops_cross,
          shapermc_ecumenical_altar_totnotflames, dreamdust_princess_bridge,
          serial_park_tiny_1, feat_on_display
D:2:      layout_loops_ring, serial_shops, nicolae_shop_gibbet_a_chance

Action                     || total
---------------------------++-------
   Fire: Shortbow          ||    53
    Use: Scroll            ||     2
 Armour: Leather armour    ||     3
  Dodge: Dodged            ||    12

Table legend:
 A = Non-vault XP
 B = Vault XP
 C = Vault XP percentage of total XP
 D = Non-vault monster count
 E = Vault monster count
 F = Vault count percentage of total count
                 A         B        C        D         E       F
            +---------+---------+-------+---------+---------+-------
      Total |      28 |       0 |   0.0 |      16 |       0 |   0.0
            +---------+---------+-------+---------+---------+-------
        D:1 |      28 |       0 |   0.0 |      16 |       0 |   0.0
            +---------+---------+-------+---------+---------+-------
